 Dungeon Crawl Stone Soup version 0.27-a0-1359-ga2a4dfd6fd (webtiles) character file.

Game seed: 6725349535919536218

79 Tocho the Poker (level 4, -3/34 HPs)
             Began as a Merfolk Gladiator on June 28, 2021.
             Slain by an orc warrior (9 damage)
             ... on level 3 of the Dungeon.
             The game lasted 00:03:15 (999 turns).

Tocho the Poker (Merfolk Gladiator)                  Turns: 999, Time: 00:03:16

Health: -3/34      AC:  4    Str: 13 (15) XL:     4   Next: 38%
Magic:  4/4        EV: 13    Int:  6 (7)  God:
Gold:   35         SH:  0    Dex: 13 (15) Spells: 3/3 levels left

rFire    . . .     SeeInvis .   a - +0 trident
rCold    . . .     Faith    .   (no shield)
rNeg     . . .     Spirit   .   b - +0 leather armour
rPois    .         Reflect  .   c - +0 helmet
rElec    .         Harm     .   (no cloak)
rCorr    .         Rampage  .   (no gloves)
Will     .....                  (no boots)
Stlth    +.........             (no amulet)
HPRegen  0.11/turn              (no ring)
MPRegen  0.09/turn              (no ring)

@: flying (expiring)
A: (nimble swimmer 2), mertail
a: no special abilities


You were on level 3 of the Dungeon.
You visited 1 branch of the dungeon, and saw 4 of its levels.

You collected 35 gold pieces.

Inventory:

Hand Weapons
 a - a +0 trident (weapon)
Missiles
 d - 3 throwing nets
 f - 54 stones (quivered)
 m - 4 boomerangs
Armour
 b - a +0 leather armour (worn)
 c - a +0 helmet (worn)
Scrolls
 g - a scroll of fear {unknown}
 k - a scroll of teleportation {unknown}
 l - a scroll of immolation {unknown}
 n - a scroll of identify {unknown}
Potions
 j - a potion of resistance {unknown}


   Skills:
 + Level 2.6 Fighting
 + Level 6.1 Polearms
 + Level 2.1 Throwing
 + Level 5.0 Dodging


You had 3 spell levels left.
You didn't know any spells.
Your spell library was empty.

Dungeon Overview and Level Annotations

Branches:
Dungeon (4/15)
 Temple: D:4-7

Altars:


Innate Abilities, Weirdness & Mutations

((You are quick and stealthy near water. (Stealth+, EV+, Speed+++)))
Your lower body shifts to a powerful aquatic tail in water.


Message History

You are poisoned.
The adder poisons you!
You barely miss the adder.
You feel sick. The adder barely misses you.
You feel better. The adder bites you. The adder bites you but does no damage.
You closely miss the adder. The adder closely misses you.
You miss the adder. The adder barely misses you.
You puncture the adder!
The adder is heavily wounded.
The adder misses you. x2
You hit the adder.
The adder is almost dead.
The adder barely misses you.
The orc wizard mumbles some strange words.
The orc wizard flickers and vanishes!
Deactivating autopickup; reactivate with Ctrl-A.
You barely miss the adder.
The adder is almost dead.
The adder barely misses you.
You barely miss the adder.
The adder is almost dead.
The adder barely misses you. The adder misses you.
You hit the adder.
You kill the adder!
Your Dodging skill increases to level 5!
Found a bubbling silvery potion.
You hit the orc warrior but do no damage.
The orc warrior barely misses you.
You hit the orc warrior but do no damage.
You are starting to lose your buoyancy.
The orc warrior hits you with a +0 short sword.
You hit the orc warrior but do no damage.
The orc warrior barely misses you.
You hit the orc warrior but do no damage.
The orc warrior hits you with a +0 short sword!
* * * LOW HITPOINT WARNING * * *
You hit the orc warrior but do no damage.
The orc warrior misses you.
You closely miss the orc warrior.
The orc warrior hits you with a +0 short sword!
You die...

## #. #. #. #. . #.
#######..
!.##.#.####o..:....
.......@ol{K.......
.###...####o.......
###. #o........ #.
#l........ #.
#......... ##.
#......... #..
#.########
#....#.#### .#
#...>....# #..#


You could see an orc warrior, an iguana, 2 orcs and a kobold.

Vanquished Creatures
  3 adders
  A dart slug (D:1)
  5 orcs (D:2)
  3 bats (D:1)
  2 endoplasms (D:1)
  A giant cockroach (D:1)
  4 goblins
  7 hobgoblins (D:1)
  3 jackals (D:1)
  4 kobolds
  3 ball pythons (D:1)
  4 rats
40 creatures vanquished.

Notes
Turn   | Place    | Note
-------+----------+-------------------------------------------
     0 | D:1      | Tocho the Merfolk Gladiator began the quest for the Orb.
     0 | D:1      | Reached XP level 1. HP: 16/16 MP: 1/1
    56 | D:1      | Reached XP level 2. HP: 19/22 MP: 2/2
   181 | D:1      | Reached skill level 5 in Polearms
   323 | D:1      | Found a faded altar of an unknown god.
   384 | D:1      | Reached XP level 3. HP: 28/28 MP: 3/3
   886 | D:2      | Reached XP level 4. HP: 32/34 MP: 4/4
   907 | D:2      | You fall into a shaft and drop 2 floors!
   914 | D:4      | Reached skill level 6 in Polearms
   917 | D:4      | Noticed a scorpion
   958 | D:3      | Noticed an orc warrior
   992 | D:3      | Reached skill level 5 in Dodging
   999 | D:3      | Slain by an orc warrior

Illustrated notes

Levels and vault maps discovered:
D:1:      dpeg_arrival_stone_temple_mockup, layout_rooms,
          shapermc_ecumenical_altar_venn
D:2:      layout_loops_corners, chequers_serial_rivers_small_a,
          grunt_decor_fettered, uniq_sigmund, uniq_natasha,
          uniq_crazy_yiuf_cottage, uniq_robin
D:3:      layout_rooms, old_standard_altar, grunt_ministairs_4,
          item_on_display_a
D:4:      layout_basic, fedhas_altar_3, kennysheep_mini,
          minmay_temple_entry_grid, serial_curves, eino_curves_04,
          eino_curves_01, minmay_parallelograms, kennysheep_nub,
          hangedman_decor_lopped, amcnicky_mini_rare_corridor_liquid

Skill      XL: |  1  2  3  4 |
---------------+-------------+-----
Polearms       | 5 6 |  6.1
Dodging        | 5 |  5.0
Fighting       | |  2.6
Throwing       | |  2.1

Action                   |  1- 3 |  4- 6 || total
-------------------------+-------+-------++-------
Melee: Trident           |   114 |    32 ||   146
Throw: Stone             |    15 |       ||    15
  Use: Potion            |       |     4 ||     4
Armor: Leather armour    |    35 |     6 ||    41
Dodge: Dodged            |    73 |    30 ||   103

Table legend: (Time is in decaauts)
 A = Elapsed time spent in this place.
 B = Non-inter-level travel time spent in this place.
 C = Inter-level travel time spent in this place.
 D = Time resting spent in this place.
 E = Time spent auto-exploring this place.
 F = Levels seen in this place.
 G = Mean time per level.
                   A        B        C        D        E       F      G
               +--------+--------+--------+--------+--------+-----+--------+
         Total |   1003 |   1001 |      2 |      0 |    675 |   4 |  250.8 |
       Dungeon |   1003 |   1001 |      2 |      0 |    675 |   4 |  250.8 |
               +--------+--------+--------+--------+--------+-----+--------+

Top non-repeatable levels by time:
     D:1: 752 daAuts
     D:2: 159 daAuts
     D:3: 47 daAuts
     D:4: 43 daAuts
